 Dungeon Crawl Stone Soup version 0.31.0-11-ge490571c62 (webtiles) character file.

Game seed: 3945310459043880586

27 Rassilon the Trooper (level 2, 0/24 HPs)
             Began as a Demonspawn Monk on Feb 2, 2024.
             Slain by a goblin
             ... wielding a +0 club
             ... led by Robin
              (1 damage)
             ... on level 3 of the Dungeon.
             The game lasted 00:03:15 (1515 turns).

Rassilon the Trooper (Demonspawn Monk)              Turns: 1515, Time: 00:03:15

Health: 0/24       AC:  2    Str: 11    XL:     2   Next: 93%
Magic:  2/2        EV: 13    Int: 10    God:
Gold:   135        SH:  0    Dex: 15    Spells: 1/1 levels left

rFire   . .          .
                       - Unarmed
rCold   . . .        (no shield)
rNeg    . . .        a - +0 robe
rPois   .            (no helmet)
rElec   .            (no cloak)
rCorr   .            (no gloves)
SInv    +            (no boots)
Will    .....        (no amulet)
Stlth   +            e - ring of see invisible
HPRegen 0.24/turn    (no ring)
MPRegen 0.08/turn

%: no passive effects
@: attractive, hasted, very quick
A: demonic guardian 1
a: no special abilities


You were on level 3 of the Dungeon.
You visited 1 branch of the dungeon, and saw 3 of its levels.

You collected 135 gold pieces.

Inventory:

Armour
 a - a +0 robe (worn)
Jewellery
 e - a ring of see invisible (left hand)
 o - a ring of wizardry
Talismans
 f - a beast talisman
Wands
 m - a wand of paralysis (9)
Scrolls
 h - a scroll of amnesia {unknown}
 i - a scroll of fear {unknown}
 k - a scroll of identify {unknown}
Potions
 b - a potion of ambrosia
 d - a potion of cancellation
 l - a potion of mutation {unknown}
 n - a potion of enlightenment {unknown}


   Skills:
 + Level 3.3 Fighting
 + Level 3.0 Dodging
 * Level 3.1 Unarmed Combat


You had one spell level left.
You didn't know any spells.
Your spell library was empty.

Dungeon Overview and Level Annotations

Branches:
Dungeon (3/15)

Altars:

Annotations:
D:3 Robin


Innate Abilities, Weirdness & Mutations

A weak demonic guardian rushes to your aid.


Message History

The hobgoblin is heavily wounded.
Robin throws the goblin at you! The goblin hits you with a +0 dagger.
The hobgoblin closely misses you.
You hit the hobgoblin.
The hobgoblin is severely wounded.
You barely miss the goblin. The goblin hits you with a +0 dagger.
The hobgoblin misses you.
You closely miss the goblin. The hobgoblin hits you.
The goblin hits you with a +0 dagger.
You hit the goblin.
You kill the goblin!
The hobgoblin no longer looks unusually strong. x2
You closely miss the hobgoblin.
The hobgoblin is severely wounded.
The hobgoblin hits you.
You closely miss the hobgoblin.
The hobgoblin is severely wounded.
You hit the hobgoblin.
You kill the hobgoblin!
The goblin no longer looks unusually strong.
You hit the goblin but do no damage. You barely miss the goblin.
The goblin no longer looks unusually strong. x2
Robin throws the goblin at you! The goblin misses you.
The goblin closely misses you.
You closely miss the goblin. The goblin hits you with a +0 club.
Robin roars a battlecry!
The goblins go into a battle-frenzy!
The goblin hits you with a +0 club.
* * * LOW HITPOINT WARNING * * *
A demonic guardian appears!
You hit the goblin.
The goblin is moderately wounded.
Unknown command.
You miss the goblin.
The goblin is moderately wounded.
The goblin hits you with a +0 club.
* * * LOW HITPOINT WARNING * * *
The goblin hits you with a +0 club.
You die...

#.# #.# #.# #.#
#.# #.# . #.#
...
#.########gg...
#....5g@gggw...
##########gg...
... #


You could see Robin, a dart slug, a hobgoblin (strong), 6 goblins and a friendly
white imp (summoned).

Vanquished Creatures
  A dart slug (D:1)
  2 endoplasms
  A giant cockroach (D:2)
  3 hobgoblins
  2 kobolds
  6 ball pythons
  A bat (D:1)
  A frilled lizard (D:1)
  4 goblins
  A rat (D:2)
22 creatures vanquished.

Vanquished Creatures (collateral kills)
  A ball python (D:1)
1 creature vanquished.

Grand Total: 23 creatures vanquished

Notes
Turn   | Place    | Note
-------+----------+-------------------------------------------
     0 | D:1      | Rassilon the Demonspawn Monk began the quest for the Orb.
     0 | D:1      | Reached XP level 1. HP: 18/18 MP: 1/1
   237 | D:1      | Gained mutation: A weak demonic guardian rushes to your
                  | aid. [demonic ancestry]
   237 | D:1      | Reached XP level 2. HP: 23/24 MP: 2/2
  1486 | D:3      | Noticed Robin
  1515 | D:3      | HP: 1/24 [goblin/+0 club[Robin] (4)]
  1515 | D:3      | Slain by a goblin

Illustrated notes

Levels and vault maps discovered:
D:1:      dpeg_arrival_lava_temple_mockup, layout_loops_ring,
          minmay_misc_feat_doors
D:2:      layout_basic, minmay_misc_feat_columns, skrybe_limestone_x
D:3:      layout_basic, okawaru_gym_becter, uniq_robin, uniq_sigmund,
          uniq_natasha, uniq_jessica

Skill      XL: |  1  2 |
---------------+-------+-----
Unarmed Combat | 3 |  3.1
Dodging        | 3 |  3.0
Fighting       | |  3.3

Action                     || total
---------------------------++-------
  Melee: Unarmed           ||    88
         Punch             ||     2
    Use: Potion            ||     4
 Armour: Robe              ||    53
  Dodge: Dodged            ||    44
